 Dungeon Crawl Stone Soup version 0.18.1-50-g88ac8fd (webtiles) character file.

1953 cedor the Poker (level 8, -3/60 HPs)
             Began as a Demonspawn Gladiator on Oct 26, 2016.
             Was a Believer of Makhleb.
             Shot with a sling bullet by Joseph (10 damage)
             ... on level 9 of the Dungeon.
             The game lasted 00:43:20 (6494 turns).

cedor the Poker (Demonspawn Gladiator)              Turns: 6494, Time: 00:43:20

Health: -3/60      AC:  4    Str: 16    XL:     8   Next: 99%
Magic:  11/11      EV: 14    Int: 11    God:    Makhleb [**....]
Gold:   305        SH:  0    Dex: 14    Spells: 0 memorised, 7 levels left

rFire  . . .     SeeInvis +     a - +0 trident
rCold  . . .     Gourm    .     r - +0 robe
rNeg   . . .     Faith    .     (no shield)
rPois  .         Spirit   .     x - +1 helmet {SInv}
rElec  .         Dismiss  .     (no cloak)
rCorr  .         Reflect  .     (no gloves)
SustAt .         Harm     .     (no boots)
MR     .....                    (no amulet)
Stlth  ++++++....               (no ring)
                                p - ring of stealth

@: drained, not resistant to hostile enchantments, very stealthy
A: claws 1, nightstalker 3, powered by pain 1
a: Minor Destruction, Renounce Religion


You were on level 9 of the Dungeon.
You worshipped Makhleb.
Makhleb was pleased with you.
You were not hungry.

You visited 2 branches of the dungeon, and saw 10 of its levels.

You collected 305 gold pieces.


Innate Abilities, Weirdness & Mutations

You have sharp fingernails.
You are completely attuned to the shadows.
You sometimes gain a little power by taking damage.


   Skills:
 + Level 4.2(3.2) Fighting
 * Level 6.9(5.9) Polearms
 - Level 2.4(1.5) Throwing
 + Level 6.2(5.2) Dodging
 - Level 4.3(3.3) Stealth
 - Level 4.0(3.0) Invocations


You had 7 spell levels left.
You didn't know any spells.

Inventory:

Hand Weapons
 a - a +0 trident (weapon)
 b - a +2 short sword of draining
 w - a +0 dagger
Missiles
 e - 66 sling bullets
 i - 5 needles of paralysis
 l - 111 stones (quivered)
 n - 7 curare-tipped needles {=f}
Armour
 c - a +1 helmet
 r - a +0 robe (worn)
 v - a +0 leather armour
 x - a +1 helmet of see invisible (worn)
Jewellery
 p - a ring of stealth (left claw)
Scrolls
 j - a scroll of recharging
 k - 5 scrolls of remove curse
 t - 2 scrolls of teleportation {@r4}
 u - 2 scrolls of enchant armour
 y - a scroll of immolation {!r}
Potions
 d - 3 potions of flight
 g - 3 potions of might
 h - 3 potions of lignification {!q}
 m - a potion of agility {unknown}
 o - 2 potions of curing {unknown}
 q - 2 potions of magic
Comestibles
 f - 4 bread rations
 s - 3 meat rations

Dungeon Overview and Level Annotations

Branches:
Dungeon (9/15)             Temple (1/1) D:4            Lair (0/8) D:8
    Orc: D:9-12

Altars:
Ashenzari
Dithmenos
Elyvilon
Fedhas
Gozag
Kikubaaqudgha
Makhleb
Nemelex Xobeh
Okawaru
Pakellas
Qazlal
Ru
Sif Muna
Trog
Vehumet
Xom
Yredelemnul
Zin
The Shining One

Annotations:
D:9 exclusion: ice beast, Joseph

▒£....
▒▒▒▒▒▒▒......
.....▒▒.......
......▒.......
........<.....
......▒▒(6..▒
......▒▒....▒
......▒▒...÷@▒
▒▒▒'▒▒▒▒+▒.▒..
▒▒▒▒.▒ ..▒▒▒.
▒▒....▒ ▒▒▒
▒..▒▒▒▒ ▒▒▒
▒▒.▒▒▒▒
▒▒▒▒▒▒.▒▒▒▒
▒▒▒▒▒▒......▒
▒.........▒


You could see Joseph.


Message History

You sense an unholy aura.
b - a +2 short sword of draining (weapon)
The helpless Joseph fails to defend himself.
You puncture Joseph! You drain Joseph!
Joseph is moderately wounded.
Joseph misses you.
a - a +0 trident (weapon)
Joseph hits you with a quarterstaff of crushing!
You closely miss Joseph.
Joseph is moderately wounded.
Joseph hits you with a quarterstaff of crushing!
You hit Joseph but do no damage.
Joseph is moderately wounded.
You completely miss Joseph.
Joseph is moderately wounded.
Joseph hits you with a quarterstaff of crushing!
* * * LOW HITPOINT WARNING * * *
x2 You puncture Joseph!
Joseph is heavily wounded.
Joseph hits you with a quarterstaff of crushing.
* * * LOW HITPOINT WARNING * * *
x2 You hit Joseph.
Joseph is heavily wounded.
Joseph hits you with a quarterstaff of crushing!
* * * LOW HITPOINT WARNING * * *
x2 Joseph unwields an uncursed quarterstaff of crushing.
Joseph wields a hunting sling.
Joseph shoots a sling bullet.
The sling bullet barely misses you.
Joseph shoots a sling bullet.
The sling bullet hits you!
You die...

Action                   |  1- 3 |  4- 6 |  7- 9 || total
-------------------------+-------+-------+-------++-------
Melee: Trident           |   120 |   181 |   344 ||   645
       Dagger            |       |     1 |     9 ||    10
       Short sword       |       |       |     1 ||     1
Throw: Throwing net      |     1 |     5 |       ||     6
       Stone             |       |     2 |     5 ||     7
  Use: Scroll            |       |     8 |     3 ||    11
       Potion            |       |     1 |     2 ||     3
 Stab: Sleeping          |     3 |     8 |    11 ||    22
       Held in net/web   |       |     2 |       ||     2
       Distracted        |       |       |     4 ||     4
  Eat: Chunk             |       |     4 |     7 ||    11
       Beef jerky        |       |     1 |       ||     1
       Pizza             |       |       |     2 ||     2
       Bread ration      |       |       |     1 ||     1
Armor: Leather armour    |    26 |       |       ||    26
       Robe              |     2 |    32 |    58 ||    92
       Skin              |       |     7 |       ||     7
Dodge: Dodged            |    60 |   103 |   237 ||   400

Vault maps used:
D:1:      dpeg_arrival_radiant, minmay_box_of_dots
D:2:      serial_park_tiny_2, uniq_crazy_yiuf_cottage
D:3:      gammafunk_temple_overflow_wave
D:4:      minmay_door_path, minmay_temple_entry_glass, first_bread,
          grunt_pakellas_sulfur, uniq_duvessa, uniq_edmund, uniq_robin,
          uniq_menkaure
D:5:      lemuel_doored_altar, vehumet_altar_wand_db
D:6:      grunt_temple_overflow_opulence, basic_altar
D:7:      nicolae_overflow_hidden_temple, minmay_misc_feat_roman
D:8:      lemuel_upstairs_altar, marbit_many_paths, lair_0_dummy
D:9:      grunt_ogre_cave, st_stairs_14, uniq_joseph
Temple:   chambers_temple_12

Notes
Turn   | Place    | Note
--------------------------------------------------------------
     0 | D:1      | cedor the Demonspawn Gladiator began the quest for the Orb.
     0 | D:1      | Reached XP level 1. HP: 16/16 MP: 1/1
   185 | D:1      | Gained mutation: You are slightly more attuned to the shadows. [demonic ancestry]
   185 | D:1      | Reached XP level 2. HP: 22/22 MP: 2/2
   243 | D:1      | Reached skill level 3 in Polearms
   256 | D:1      | Reached skill level 2 in Throwing
   421 | D:2      | Reached skill level 3 in Dodging
   435 | D:2      | Gained mutation: You sometimes gain a little power by taking damage. [demonic ancestry]
   435 | D:2      | Reached XP level 3. HP: 14/27 MP: 3/3
   854 | D:3      | Found a sacrificial altar of Ru.
   854 | D:3      | Found an ancient bone altar of Kikubaaqudgha.
   877 | D:4      | Noticed Duvessa
   883 | D:4      | Noticed Menkaure
   928 | D:3      | Gained mutation: You are significantly more attuned to the shadows. [demonic ancestry]
   928 | D:3      | Reached XP level 4. HP: 9/34 MP: 4/4
  1851 | D:4      | Found a staircase to the Ecumenical Temple.
  1858 | Temple   | Entered the Ecumenical Temple
  1994 | Temple   | Became a worshipper of Makhleb the Destroyer
  2135 | D:4      | Noticed Dowan
  2154 | D:4      | Reached skill level 1 in Stealth
  2154 | D:4      | Reached skill level 1 in Invocations
  2193 | D:4      | Killed Duvessa
  2193 | D:4      | Reached skill level 4 in Dodging
  2193 | D:4      | Reached skill level 2 in Stealth
  2193 | D:4      | Reached skill level 2 in Invocations
  2193 | D:4      | Reached XP level 5. HP: 36/39 MP: 4/6
  2212 | D:4      | Killed Dowan
  2212 | D:4      | Reached XP level 6. HP: 31/46 MP: 5/7
  2325 | D:4      | Killed Menkaure
  2325 | D:4      | Reached skill level 3 in Stealth
  2349 | D:5      | Entered Level 5 of the Dungeon
  2428 | D:4      | Noticed Robin
  2453 | D:4      | Killed Robin
  2569 | D:4      | Noticed Edmund
  2610 | D:4      | Killed Edmund
  2610 | D:4      | Reached skill level 4 in Polearms
  2610 | D:4      | Reached skill level 3 in Invocations
  2610 | D:4      | Gained mutation: You have sharp fingernails. [demonic ancestry]
  2610 | D:4      | Reached XP level 7. HP: 16/51 MP: 9/9
  2866 | D:5      | Found a radiant altar of Vehumet.
  3026 | D:4      | Found an oddly glowing altar of Pakellas.
  3685 | D:5      | Reached skill level 4 in Stealth
  3725 | D:5      | Reached * piety under Makhleb
  4133 | D:5      | Reached skill level 5 in Dodging
  4138 | D:5      | Found a white marble altar of Elyvilon.
  4634 | D:6      | Reached skill level 5 in Polearms
  4659 | D:6      | Gained mutation: You are completely attuned to the shadows. [demonic ancestry]
  4659 | D:6      | Reached XP level 8. HP: 55/57 MP: 10/10
  4716 | D:6      | Found an opulent altar of Gozag.
  4716 | D:6      | Found a sparkling altar of Nemelex Xobeh.
  4778 | D:7      | Reached skill level 4 in Invocations
  5140 | D:8      | Reached skill level 3 in Fighting
  5169 | D:8      | Reached skill level 6 in Polearms
  5506 | D:8      | Found a glowing golden altar of the Shining One.
  5542 | D:8      | Reached skill level 6 in Dodging
  5822 | D:8      | Found a staircase to the Lair.
  6099 | D:9      | Reached skill level 4 in Fighting
  6135 | D:9      | Reached ** piety under Makhleb
  6481 | D:9      | Noticed Joseph
  6494 | D:9      | Shot with a sling bullet by Joseph

Vanquished Creatures
  A hippogriff (D:9)
  Menkaure (D:4)
  Edmund (D:4)
  Duvessa (D:4)
  An ice beast (D:8)
  2 ogres
  A crocodile (D:9)
  A big kobold (D:8)
  3 giant frogs (D:8)
  Dowan (D:4)
  4 wights (D:6)
  2 howler monkeys
  A giant frog zombie (D:5)
  4 crimson imps
  A hound (D:5)
  A giant frog skeleton (D:6)
  A centaur skeleton (D:4)
  2 jellies (D:8)
  4 worker ants
  A howler monkey zombie (D:5)
  Robin (D:4)
  7 adders
  An ooze (D:1)
  An adder skeleton (D:8)
  2 worms (D:4)
  3 dart slugs
  3 giant geckos
  10 orcs
  A ball python (D:1)
  6 bats
  5 giant cockroaches
  6 goblins
  4 hobgoblins
  4 jackals
  9 kobolds
  3 quokkas
  A giant gecko skeleton (D:4)
  3 giant newts
  5 rats
109 creatures vanquished.
